 Dungeon Crawl Stone Soup version 0.20-a0-494-gf50ee04 (webtiles) character file.

45 nikopol the Skirmisher (level 3, -1/24 HPs)
             Began as a Gargoyle Berserker on Jan 17, 2017.
             Was a Believer of Trog.
             Slain by Grinder (6 damage)
             ... on level 3 of the Dungeon.
             The game lasted 00:03:21 (1386 turns).

nikopol the Skirmisher (Gargoyle Berserker)         Turns: 1386, Time: 00:03:21

Health: -1/24      AC:  5    Str: 20    XL:     3   Next: 64%
Magic:  3/3        EV: 12    Int:  7    God:    Trog [**....]
Gold:   84         SH:  0    Dex: 10    Spells: 2/2 levels left

rFire    . . .     SeeInvis .   n - -1 hand axe (curse)
rCold    . . .     Gourm    .   b - +0 animal skin
rNeg     + . .     Faith    .   (no shield)
rPois    ∞         Spirit   .   (no helmet)
rElec    +         Reflect  .   (no cloak)
rCorr    .         Harm     .   (no gloves)
MR       .....                  (no boots)
Stlth    +.........             (no amulet)
Regen    0.1/turn               (no ring)
                                (no ring)

@: no status effects
A: negative energy resistance 1, electricity resistance, unbreathing,
petrification resistance, rot immunity, AC +3
a: Berserk, Trog's Hand, Burn Spellbooks, Renounce Religion


You were on level 3 of the Dungeon.
You worshipped Trog.
Trog was pleased with you.
You were hungry.

You visited 1 branch of the dungeon, and saw 3 of its levels.

You collected 84 gold pieces.

Inventory:

Hand Weapons
 a - a +0 hand axe
 n - a cursed -1 hand axe (weapon)
Armour
 b - a +0 animal skin (worn)
Scrolls
 e - 3 scrolls of identify {unknown}
 g - a scroll of enchant weapon {unknown}
 i - a scroll of amnesia {unknown}
 l - 2 scrolls of teleportation {unknown}
 o - a scroll of remove curse {unknown}
 p - 3 scrolls of immolation {unknown}
Potions
 d - a potion of cure mutation {unknown}
 f - a potion of ambrosia {unknown}
 h - a potion of curing {unknown}
 j - a potion of agility {unknown}
 k - a potion of beneficial mutation {unknown}
 m - a potion of flight {unknown}
 r - a potion of haste {unknown}
Comestibles
 c - 3 bread rations
 q - a beef jerky


   Skills:
 + Level 3.7 Fighting
 + Level 3.1 Axes
 + Level 2.9 Armour
 + Level 2.0 Dodging


You had 2 spell levels left.
You didn't know any spells.

Dungeon Overview and Level Annotations

Branches:
Dungeon (3/15)

Altars:
Trog

Annotations:
D:3 Grinder


Innate Abilities, Weirdness & Mutations

You are resistant to torment.
Your stone body is resilient. (AC +3)
You are immune to poison.
You resist negative energy. (rN+)
You are resistant to electric shocks. (rElec)
You can survive without breathing.
You are immune to petrification.
You are immune to rotting.


Message History

Grinder is lightly wounded.
Grinder gestures at you.
You shrug off the repeated paralysis!
You hit Grinder.
Grinder is lightly wounded.
Grinder gestures at you. Pain shoots through your body!
You closely miss Grinder.
Grinder is lightly wounded.
Grinder hits you but does no damage.
You barely miss Grinder.
Grinder is lightly wounded.
Grinder says, "Mostly I couldn't keep them alive."
Grinder blinks!
Grinder hits you!
* * * LOW HITPOINT WARNING * * *
You closely miss Grinder.
Grinder is lightly wounded.
Grinder barely misses you. Grinder hits you.
You die...

###.####.
...%... ..
.....# ..(
#.#.#.....r ..
#...#.#..
..#####...#...
.........)#.#
............#
......5@..#.#
............#
#.......#.<.#
#.....!.#...#
#......##...#
#<..... ...##
..$.....#..#
..#.....#...
+####.. #.#.


You could see Grinder.

Vanquished Creatures
  An adder (D:3)
  A worm (D:2)
  A dart slug (D:1)
  2 giant cockroaches
  6 goblins
  2 hobgoblins
  4 bats
  4 frilled lizards
  5 kobolds
  8 rats
34 creatures vanquished.

Notes
Turn   | Place    | Note
-------+----------+-------------------------------------------
     0 | D:1      | nikopol the Gargoyle Berserker began the quest for the Orb.
     0 | D:1      | Reached XP level 1. HP: 14/14 MP: 1/1
   255 | D:1      | Reached XP level 2. HP: 16/19 MP: 2/2
   735 | D:2      | Reached ** piety under Trog
   768 | D:2      | Reached XP level 3. HP: 21/23 MP: 3/3
   898 | D:2      | Noticed a moth of wrath
   901 | D:2      | Found a bloodstained altar of Trog.
  1368 | D:3      | Noticed Grinder
  1373 | D:3      | Paralysed by Grinder for 6 turns
  1386 | D:3      | Slain by Grinder

Vault maps used:
D:1:      minmay_arrival_open_corners
D:2:      tgw_trog, first_bread
D:3:      regret_index_temple_of_mockery, dk_noncrumbling_3, st_stairs_9,
          uniq_grinder, uniq_crazy_yiuf_cottage

Skill      XL: |  1  2  3 |
---------------+----------+-----
Axes           | 3 |  3.1
Dodging        | 2 |  2.0
Fighting       | |  3.7
Armour         | |  2.9

Action                   || total
-------------------------++-------
Melee: Hand axe          ||   118
Invok: Berserk           ||     1
 Stab: Sleeping          ||     1
  Eat: Chunk             ||     2
Armor: Animal skin       ||    40
Dodge: Dodged            ||    90
